[Event "5th Baskent University Open 2022"]
[Site "Ankara"]
[Date "2022.07.03"]
[Round "3.19"]
[White "Maruflu, Enes Yusuf"]
[Black "Cevizci, Yusuf Baran"]
[Result "1-0"]
[ECO "D78"]
[WhiteElo "2046"]
[BlackElo "2144"]
[Annotator "NA RC"]
[PlyCount "83"]
[EventDate "2022.07.02"]
[EventType "swiss"]
[EventCountry "TUR"]
[SourceTitle "playchess.com"]
[Source "ChessBase"]
[SourceQuality "1"]
[TimeControl "5400+30"]

1. d4 d5 2. Nf3 Nf6 3. g3 g6 4. Bg2 Bg7 5. O-O O-O 6. Nbd2 c6 7. c4 Bf5 8. b3 Nbd7 9. Bb2 Ne4 10. Nh4 Nxd2 11. Qxd2 Be6 12. cxd5 cxd5 13. Rac1 a5 14. e3 Nb8 15. Rc5 a4 16. Nf3 Na6 17. Rc3 Qa5 18. a3 Qb6 19. bxa4 h6 20. Ne1 Nb8 21. Nd3 Qd6 22. Rb3 Bc8 23. a5 Nc6 24. Rb5 e6 25. Bc3 Qc7 26. Rfb1 Bf6 27. Nc5 Ra7 28. Rb6 Bd8 29. e4 dxe4 30. Qxh6 Bf6 31. Nxe4 Bg7 32. Qh4 f5 33. Ng5 Bf6 34. a6 Nd8 35. axb7 Bxb7 36. Bxb7 Rxb7 37. Rxb7 Nxb7 38. Qh6 Bxg5 39. Qxg6+ Kh8 40. Qh5+ Kg8 41. Qxg5+ Kf7 42. d5 1-0

[Event "5th Baskent University Open 2022"]
[Site "Ankara"]
[Date "2022.07.03"]
[Round "3.21"]
[White "Aydin, Aytac"]
[Black "Turkmen, Ataberk"]
[Result "0-1"]
[ECO "B07"]
[WhiteElo "1725"]
[BlackElo "1935"]
[Annotator "NA RC"]
[PlyCount "114"]
[EventDate "2022.07.02"]
[EventType "swiss"]
[EventCountry "TUR"]
[SourceTitle "playchess.com"]
[Source "ChessBase"]
[SourceQuality "1"]
[TimeControl "5400+30"]

1. d4 Nf6 2. Nf3 d6 3. Nbd2 g6 4. e4 Bg7 5. Bd3 O-O 6. O-O Nh5 7. Re1 e5 8. dxe5 dxe5 9. a4 Nc6 10. Nc4 f6 11. b3 Nf4 12. Bf1 Bg4 13. Ba3 Qxd1 14. Raxd1 Rfd8 15. c3 Nh3+ 16. gxh3 Bxf3 17. Rxd8+ Rxd8 18. b4 Bf8 19. Bc1 Kg7 20. Nd2 Bh5 21. Nc4 Nb8 22. Be3 b6 23. Kg2 Rd1 24. Rxd1 Bxd1 25. Nb2 Bb3 26. Bc4 Bxc4 27. Nxc4 Nd7 28. Kf1 Kf7 29. Ke2 Ke6 30. Kd3 f5 31. f3 a6 32. Nd2 Be7 33. Nb3 h5 34. Nd2 f4 35. Bf2 g5 36. Nc4 Nf6 37. Nd2 g4 38. Bh4 gxh3 39. Bf2 Nh7 40. Kc4 Nf8 41. a5 b5+ 42. Kd3 c5 43. Bxc5 Bxc5 44. bxc5 Kd7 45. c4 b4 46. Kc2 Kc6 47. Nb3 Ne6 48. Kb2 Ng5 49. Nd2 Kxc5 50. Kc2 Ne6 51. Kd3 Nd4 52. Nf1 Nxf3 53. Ke2 Nd4+ 54. Kd3 Nc6 55. Nd2 Nxa5 56. Kc2 Kd4 57. Nf3+ Kxe4 0-1

[Event "5th Baskent University Open 2022"]
[Site "Ankara"]
[Date "2022.07.03"]
[Round "3.22"]
[White "Buke, Furkan"]
[Black "Er, Mira"]
[Result "1-0"]
[ECO "B01"]
[WhiteElo "1979"]
[BlackElo "1632"]
[Annotator "NA RC"]
[PlyCount "121"]
[EventDate "2022.07.02"]
[EventType "swiss"]
[EventCountry "TUR"]
[SourceTitle "playchess.com"]
[Source "ChessBase"]
[SourceQuality "1"]
[TimeControl "5400+30"]

1. e4 d5 2. exd5 Qxd5 3. Nc3 Qd6 4. d4 Nf6 5. Nf3 c6 6. Ne5 Nbd7 7. Nc4 Qc7 8. Qf3 Nb6 9. Bf4 Qd8 10. Be5 Be6 11. Ne3 Nbd5 12. Nexd5 Bxd5 13. Nxd5 Qxd5 14. Qxd5 Nxd5 15. c4 Nf6 16. Be2 e6 17. O-O-O O-O-O 18. Bf4 Bd6 19. Be3 Kb8 20. a3 a6 21. Bf3 Rc8 22. Kc2 Rhd8 23. Rd3 b5 24. b3 Nd7 25. Rhd1 Nf8 26. g3 Ng6 27. Bh5 Kb7 28. a4 Be7 29. f4 Bf6 30. Bf3 b4 31. Kb1 Ne7 32. g4 g6 33. Bf2 a5 34. h4 Rc7 35. Be4 Rcd7 36. Kc2 Rc7 37. Kd2 Bg7 38. Bf3 Rcd7 39. Ke2 Rh8 40. d5 exd5 41. cxd5 cxd5 42. Bxd5+ Nxd5 43. Rxd5 Re8+ 44. Kf3 Rc7 45. Rb5+ Kc8 46. Rd3 Rc3 47. Rxc3+ bxc3 48. Rxa5 Re7 49. Ra8+ Kd7 50. Ra7+ Ke8 51. Rxe7+ Kxe7 52. Ke2 Kd6 53. Kd3 Kd5 54. a5 Kc6 55. a6 f5 56. gxf5 gxf5 57. b4 h5 58. b5+ Kc7 59. b6+ Kb8 60. b7 Bf6 61. Bc5 1-0

[Event "5th Baskent University Open 2022"]
[Site "Ankara"]
[Date "2022.07.03"]
[Round "3.23"]
[White "Ibik, Halit Yavuz"]
[Black "Dogan, Talha Yigit"]
[Result "1/2-1/2"]
[ECO "B78"]
[WhiteElo "1967"]
[BlackElo "1589"]
[Annotator "NA RC"]
[PlyCount "81"]
[EventDate "2022.07.02"]
[EventType "swiss"]
[EventCountry "TUR"]
[SourceTitle "playchess.com"]
[Source "ChessBase"]
[SourceQuality "1"]
[TimeControl "5400+30"]

1. e4 c5 2. Nf3 d6 3. d4 cxd4 4. Nxd4 Nf6 5. Nc3 g6 6. f3 Bg7 7. Be3 O-O 8. Bc4 Bd7 9. Qd2 Nc6 10. O-O-O Rc8 11. Bb3 Nxd4 12. Bxd4 b5 13. e5 dxe5 14. Bxe5 Bc6 15. Qxd8 Rfxd8 16. a3 Bh6+ 17. Kb1 Nd7 18. Bd4 Nb6 19. Rhe1 e6 20. Ne4 Bxe4 21. fxe4 Bg7 22. Bf2 Be5 23. h3 h6 24. c3 Rxd1+ 25. Rxd1 Rc6 26. Rd8+ Kg7 27. Bc2 a6 28. Rd1 Nc4 29. a4 b4 30. cxb4 Nxb2 31. Rd7 Nc4 32. Bb3 Bc3 33. b5 axb5 34. axb5 Na3+ 35. Ka2 Nxb5 36. Ba4 Be5 37. Bxb5 Rc2+ 38. Kb3 Rxf2 39. g4 Rf3+ 40. Rd3 Rf2 41. Be8 1/2-1/2

[Event "5th Baskent University Open 2022"]
[Site "Ankara"]
[Date "2022.07.03"]
[Round "3.24"]
[White "Metin, Enis"]
[Black "Ekici, Caner"]
[Result "1-0"]
[ECO "A03"]
[WhiteElo "1750"]
[BlackElo "1639"]
[Annotator "NA RC"]
[PlyCount "59"]
[EventDate "2022.07.02"]
[EventType "swiss"]
[EventCountry "TUR"]
[SourceTitle "playchess.com"]
[Source "ChessBase"]
[SourceQuality "1"]
[TimeControl "5400+30"]

1. f4 d5 2. Nf3 Nf6 3. e3 c5 4. b3 Nc6 5. Bb5 Bg4 6. O-O g6 7. Bb2 Bg7 8. d3 O-O 9. Bxc6 bxc6 10. Nbd2 Qb6 11. Qe1 Nd7 12. Bxg7 Kxg7 13. Qh4 Bxf3 14. Rxf3 Rae8 15. Rh3 h5 16. f5 Qb4 17. Qxb4 cxb4 18. a3 a5 19. axb4 axb4 20. Ra7 Rd8 21. Rh4 c5 22. e4 d4 23. Nc4 Rh8 24. Rf4 g5 25. Rf1 Rhe8 26. e5 f6 27. e6 Ne5 28. Nxe5 fxe5 29. f6+ Kg6 30. f7 1-0

[Event "5th Baskent University Open 2022"]
[Site "Ankara"]
[Date "2022.07.04"]
[Round "4.1"]
[White "Rasulov, Vugar"]
[Black "Caputcuoglu, Zeki Berke"]
[Result "1-0"]
[ECO "C76"]
[WhiteElo "2458"]
[BlackElo "2203"]
[Annotator "TA"]
[PlyCount "81"]
[EventDate "2022.07.02"]
[EventType "swiss"]
[EventCountry "TUR"]
[SourceTitle "playchess.com"]
[Source "ChessBase"]
[SourceQuality "1"]
[TimeControl "5400+30"]

1. e4 e5 2. Nf3 Nc6 3. Bb5 a6 4. Ba4 d6 5. O-O Bd7 6. c3 g6 7. d4 Bg7 8. d5 Nce7 9. Bxd7+ {[%emt 0:00:30] C76: Ruy Lopez: Deferred Steinitz: 5 c3 Bd7 6 d4 g6.} Qxd7 10. Be3 h6 (10... Nf6 $5 ) 11. Nfd2 {[%emt 0:01:30] White is slightly better.} f5 {[%emt 0:03:30] aiming for ...f4.} 12. f3 $1 Nf6 13. c4 O-O 14. Nc3 c6 15. Kh1 {[%emt 0:03:30] [#]} cxd5 $146 (15... Rac8 $11) ({Predecessor:} 15... g5 16. Bg1 f4 17. c5 cxd5 18. exd5 Nexd5 19. Qb3 Qf7 20. Nce4 Ne3 21. Nxf6+ Bxf6 22. Bxe3 fxe3 23. Qxe3 {½-½ (30) Aroshidze,L (2516)-Alonso Rosell,A (2537) Barcelona 2017}) 16. cxd5 $14 b5 17. Qb3 Rab8 18. Qb4 Rfc8 {[%emt 0:04:30] [#]} 19. Rfc1 {[%emt 0:05:30] White is more active.} (19. a4 $1 $16) 19... Kh7 20. Qb3 b4 21. Nd1 a5 {[%emt 0:04:30] [#]} (21... Qb5 $11 {keeps the balance.}) 22. Qd3 $1 $16 Rxc1 23. Rxc1 Qa4 24. Ra1 fxe4 (24... Qd7 $142) 25. fxe4 Rf8 26. b3 Qd7 27. Rc1 Qg4 (27... Qb7 $16 28. Nf2 Ra8) 28. Nf2 $36 {[%emt 0:02:30][%mdl 2048] White is on the roll.} Qh5 (28... Qd7 29. Qa6 Nfxd5 30. exd5 Nxd5) 29. Nc4 $18 Ne8 30. Nxa5 Bf6 31. Qd1 Bg5 32. Qxh5 gxh5 33. Bxg5 hxg5 34. Kg1 Ng6 35. g3 {[%emt 0:00:00] Inhibits Nf4.} Rf3 36. Nc4 g4 37. Kg2 Rf7 (37... Nh8 $142 38. h3 h4) 38. Rc2 Kh6 39. Ne3 Ng7 40. Rc6 Rf3 {[%emt 0:01:09] [#]} (40... Ne8 $142 41. Nf5+ Kh7) 41. Nexg4+ $1 {[%emt 0:00:30][%mdl 512] Weighted Error Value: White=0.15 (very precise) /Black=0.33} 1-0

[Event "5th Baskent University Open 2022"]
[Site "Ankara"]
[Date "2022.07.04"]
[Round "4.2"]
[White "Aliyev, Elnur"]
[Black "Annaberdiev, Meilis"]
[Result "0-1"]
[ECO "B31"]
[WhiteElo "2142"]
[BlackElo "2484"]
[Annotator "TA"]
[PlyCount "86"]
[EventDate "2022.07.02"]
[EventType "swiss"]
[EventCountry "TUR"]
[SourceTitle "playchess.com"]
[Source "ChessBase"]
[SourceQuality "1"]
[TimeControl "5400+30"]

1. e4 {[%emt 0:01:00] ChessBase II} c5 2. Nf3 Nc6 3. Bb5 g6 4. O-O Bg7 5. Na3 e5 6. c3 Nge7 7. Nc4 {[%emt 0:09:30] aiming for Nd6+.} O-O {[%emt 0:04:30] B31: Sicilian: 2...Nc6 3 Bb5 g6.} 8. Nd6 Qc7 9. Nxc8 Raxc8 {[%emt 0:00:00] The position is equal.} 10. d3 a6 11. Bc4 b5 12. Bb3 Na5 13. Bg5 Nxb3 {[%emt 0:01:00] [#]} 14. Bxe7 $146 (14. axb3 $11 f6 15. Be3) ({Predecessor:} 14. axb3 f6 15. Be3 Qb7 16. Qb1 Kh8 17. Qa2 Rc6 18. d4 cxd4 19. cxd4 d5 20. dxe5 fxe5 {1-0 (38) Keller,D-Nievergelt,E Zuerich 1960 EXT 2021 [ChessBase II]}) 14... Nxa1 $15 15. Bxf8 Rxf8 16. Qxa1 Qc6 17. Re1 d5 18. Qc1 Rd8 19. c4 bxc4 20. exd5 Qxd5 21. dxc4 Qd6 22. h3 (22. Re2 $15) 22... f5 $17 23. Nh2 {[%emt 0:04:30] [#]} ({Better is} 23. Re2) 23... Qd2 $1 24. Nf1 Qxc1 {[%emt 0:00:30] Black is much more active.} 25. Rxc1 {[%emt 0:00:30][%mdl 4096] Endgame KRB-KRN} e4 26. b3 Bh6 27. Re1 Rd3 28. g4 {[%emt 0:00:30] [#]} (28. Ne3 $17) 28... Kf7 $1 $19 ({Resist} 28... Rxh3 29. gxf5 gxf5 30. Ng3 $14) 29. gxf5 gxf5 30. Kg2 Ke6 31. Re2 $2 (31. Ne3 {was called for.}) 31... a5 32. Ng3 Ke5 33. Re1 $2 (33. h4) 33... Bd2 34. Re2 Bg5 35. Re1 Bh4 {[%emt 0:00:30] Strongly threatening ...Bxg3.} 36. Re3 (36. Re2) 36... Bxg3 37. Rxg3 Rxg3+ 38. Kxg3 {[%emt 0:00:27] KP-KP} f4+ {[%emt 0:00:30] Black mates.} 39. Kg2 Kd4 40. Kf1 Kc3 41. Ke2 Kb2 42. f3 e3 ({Not} 42... Kxa2 43. fxe4 Kxb3 44. e5 $11) 43. b4 axb4 {[%emt 0:00:30] Weighted Error Value: White=0.51/Black=0.06 (flawless)} 0-1

[Event "5th Baskent University Open 2022"]
[Site "Ankara"]
[Date "2022.07.04"]
[Round "4.3"]
[White "Makaraci, Tunahan"]
[Black "Atabayev, Saparmyrat"]
[Result "0-1"]
[ECO "C56"]
[WhiteElo "2130"]
[BlackElo "2447"]
[Annotator "TA"]
[PlyCount "66"]
[EventDate "2022.07.02"]
[EventType "swiss"]
[EventCountry "TUR"]
[SourceTitle "playchess.com"]
[Source "ChessBase"]
[SourceQuality "1"]
[TimeControl "5400+30"]

1. e4 e5 2. Nf3 Nc6 3. Bc4 Nf6 4. d4 exd4 5. e5 d5 6. Bb5 Ne4 7. Nxd4 Bd7 8. Bxc6 bxc6 9. O-O Bc5 10. f3 Ng5 11. f4 {[%emt 0:00:30] The main line 11.f4 scores better than 11.Be3.} Bg4 {[%emt 0:19:30] C56: Two Knights: 4 d4 exd4 5 0-0 Nxe4.} 12. Qd3 {[%emt 0:11:30] [#]} (12. Qxg4 $16 Bxd4+ 13. Kh1) 12... Bf5 $1 $11 {[%emt 0:01:30] This bishop pair is nice.} 13. Qe3 {[%emt 0:10:30] [#]} (13. Qxf5 Bxd4+ 14. Kh1 Ne4 $17) 13... Ne6 $146 {[%emt 0:03:30] Black is slightly better.} ({Predecessor:} 13... Ne4 14. c3 O-O 15. Nd2 Qe7 16. Kh1 Qd7 17. Nxe4 Bxe4 18. Qg3 Bxd4 19. cxd4 f5 {0-1 (46) Fuentes,R (2217)-Rumph,T (2188) San Francisco 2012}) 14. c3 Bxd4 15. cxd4 c5 16. dxc5 O-O 17. g4 $2 (17. h3 $11 {and White stays safe.}) 17... Bxg4 $19 18. f5 {[%emt 0:00:00] [#]} Qh4 $36 {[%emt 0:00:00][%cal Og4h3][%mdl 2048] Black is really pushing.} ({But not} 18... d4 19. Qg3 Be2 20. Rf2 $16) 19. fxe6 $2 {[%emt 0:08:00] This move loses the game for White.} (19. Qf2 $17 Qxf2+ 20. Rxf2 Nxc5 21. f6) 19... fxe6 {[%emt 0:00:00] And now ...Rxf1+ would win.} 20. Qg3 Rxf1+ 21. Kxf1 Rf8+ 22. Ke1 {[%emt 0:01:00] [#]} Qh5 {[%emt 0:00:30] Hoping for ...Rf3. Chess con chili.} 23. h3 (23. Bf4 {was the only defense.} Qf5 24. Nd2 Qxf4 25. Qxf4 Rxf4 26. Nf1) 23... Be2 24. Nc3 Ba6 {[%emt 0:01:30] Black is clearly winning.} (24... Rf1+ $2 25. Kd2 Bc4 26. b3 $19) 25. Bf4 d4 ({Weaker is} 25... Qf7 26. Ne2 $17 (26. Qg4 $2 h5 $19)) 26. Kd2 dxc3+ 27. Kxc3 Qe2 28. b3 {[%emt 0:00:46] Against Qc4+} Rd8 {[%emt 0:07:30][%cal Bf8d8,Bd8d3,Bd3d4,Bd4f4][%mdl 32] Strongly threatening ...Rd3+.} 29. Qg4 Rd3+ 30. Kb4 Rd4+ 31. Ka3 Qxg4 32. hxg4 Rxf4 33. Rd1 Bb5 {[%emt 0:00:00] Weighted Error Value: White=0.74/Black=0.07 (flawless)} 0-1

[Event "5th Baskent University Open 2022"]
[Site "Ankara"]
[Date "2022.07.04"]
[Round "4.4"]
[White "Bekiragaoglu, Umut"]
[Black "Gunduz, Umut Erdem"]
[Result "0-1"]
[ECO "B67"]
[WhiteElo "2067"]
[BlackElo "2368"]
[Annotator "TA"]
[PlyCount "78"]
[EventDate "2022.07.02"]
[EventType "swiss"]
[EventCountry "TUR"]
[SourceTitle "playchess.com"]
[Source "ChessBase"]
[SourceQuality "1"]
[TimeControl "5400+30"]

1. e4 c5 2. Nf3 d6 3. d4 cxd4 4. Nxd4 Nf6 5. Nc3 Nc6 6. Bg5 e6 7. Qd2 a6 8. O-O-O Bd7 9. f4 h6 10. Bh4 Be7 {[%emt 0:03:30] 10...b5 gains popularity. B67: Sicilian: Richter-Rauzer: 7...a6 8 0-0-0 Bd7, lines without 9 f4 Be7.} 11. Be2 Rc8 12. Bf3 b5 {[%emt 0:06:30][%cal Bb7b5,Bb5b4][%mdl 32] The position is equal.} 13. Bg3 ({Better is} 13. Nxc6 $11 Bxc6 14. Bxf6 Bxf6 15. Qxd6) 13... b4 $15 14. Nce2 {[%emt 0:01:30] [#]} Qa5 $146 ({Predecessor:} 14... O-O 15. Kb1 Qc7 16. c4 e5 17. Nc2 Rfe8 18. Ne3 Qb8 19. Rhe1 a5 20. Nd5 Nxd5 21. exd5 Bf5+ 22. Ka1 Nd4 23. Nxd4 {½-½ (23) Dahm,W (2118)-Almarza Mato,C (2151) ICCF email 2016}) 15. Kb1 e5 16. fxe5 (16. Nxc6 $1 $11 Bxc6 17. Rhe1) 16... dxe5 17. Nf5 Bxf5 $40 {[%emt 0:05:30][%mdl 128] Black goes for the king.} 18. exf5 O-O {[%emt 0:00:30] aiming for ...e4.} 19. Qe3 {[%emt 0:05:30] Inhibits e4.} (19. Nc1 $17) 19... Bc5 $19 20. Qd3 b3 21. Qxb3 e4 22. Nc3 $2 (22. Nc1 exf3 23. Qxf3) 22... exf3 23. gxf3 Bd4 24. Ne4 Nxe4 25. fxe4 Be5 {[%emt 0:07:30] Strongly threatening ...Rb8.} 26. Rd5 Qc7 27. f6 g6 (27... gxf6 $2 28. Rf1 $19) 28. Qe3 Kh7 29. Qc5 {[%emt 0:00:17][%cal Rg3e5] [#]} Qb8 30. b3 (30. Rxe5 Nxe5) 30... Nb4 (30... Bxg3 31. hxg3 Qa7 32. Rdh5 gxh5 33. Qf5+ Kh8 34. Qf4 $11) 31. Qe7 (31. Bxe5 Rxc5 32. Bxb8 Nxd5 33. Bd6 Nc3+ 34. Kb2) 31... Nxd5 32. Qc5 Nb4 33. Bxe5 Rxc5 34. Bxb8 Nd5 $2 (34... Rxb8 35. Rc1 Re8) 35. Bd6 Nc3+ 36. Kb2 Rfc8 37. Bxc5 Rxc5 38. Re1 a5 {[%emt 0:00:30][%cal Oc3a2] ...Nxa2! is the strong threat.} 39. e5 Kg8 {[%emt 0:00:30] White did not feel at home in the position after the opening.  Weighted Error Value: White=1.04/Black=0.81} 0-1

[Event "5th Baskent University Open 2022"]
[Site "Ankara"]
[Date "2022.07.04"]
[Round "4.5"]
[White "Eynullayev, Atilla"]
[Black "Koksal, Ege"]
[Result "1/2-1/2"]
[ECO "C43"]
[WhiteElo "2333"]
[BlackElo "2356"]
[Annotator "TA"]
[PlyCount "89"]
[EventDate "2022.07.02"]
[EventType "swiss"]
[EventCountry "TUR"]
[SourceTitle "playchess.com"]
[Source "ChessBase"]
[SourceQuality "1"]
[TimeControl "5400+30"]

1. e4 e5 2. Nf3 Nf6 3. d4 Nxe4 4. Bd3 d5 5. Nxe5 Be7 6. Nd2 Nxd2 {[%emt 0:01:30] C43: Petroff Defence: 3 d4.} 7. Bxd2 (7. Kxd2 Be6 $11) 7... Nd7 8. O-O O-O {[%emt 0:08:30] [#] White is slightly better.} 9. c3 $146 {[%emt 0:00:30][%mdl 128] White mounts an attack.} ({Predecessor:} 9. Nxd7 Bxd7 10. Re1 c6 11. Qh5 g6 12. Qf3 {½-½ (12) Alekseev,E (2609)-Moiseenko,A (2625) Geneve 2004}) 9... g6 10. Bh6 Re8 11. f4 {[%emt 0:00:30][%cal Oe5f7] Threatens to win with Nxf7!} Bf8 12. Bxf8 Kxf8 13. Qf3 {[%emt 0:29:30] Black must now prevent f5. White is much more active.} ({Don't take} 13. Qb3 c6 $14) 13... Kg7 (13... Nxe5 $16 14. fxe5 Be6) 14. Qxd5 (14. f5 $18) 14... Nxe5 $16 15. Qxd8 Rxd8 16. fxe5 c5 17. Bc4 Be6 18. Bxe6 fxe6 19. dxc5 $18 {[%emt 0:05:30][%mdl 4096] Endgame KRR-KRR} Rd2 20. Rf2 Rad8 21. b4 ({Better is} 21. Rxd2 $18 Rxd2 22. b4) 21... R2d3 $16 22. Rc1 Re3 23. Kf1 ({But not} 23. Rcf1 $6 Rd7 $16) 23... Rdd3 (23... g5 $16 {was necessary.} 24. Re2 Rf8+ 25. Ke1 Rd3) 24. Re2 (24. Re1 $18 {and White stays clearly on top.}) 24... Rxc3 25. Rd1 Red3 {[%emt 0:07:30] [#]} 26. Rxd3 Rxd3 {[%emt 0:00:30] KR-KR} 27. Rc2 Kf7 28. Ke2 ({White should try} 28. b5 $16) 28... Rd5 (28... Ra3 $1 $11 {remains equal.}) 29. Ke3 {[%emt 0:00:30] aiming for Ke4.} Rxe5+ 30. Kd4 Rd5+ 31. Kc4 Ke7 32. a4 a6 (32... Rd1 $14) 33. b5 axb5+ 34. axb5 Rd1 35. Ra2 {[%emt 0:00:45] [#] Hoping for Ra7.} ({Of course not} 35. c6 $6 bxc6 36. b6 Kd7 $11) 35... Kd7 36. Ra3 (36. Rf2 $16) 36... Kc7 $1 $14 37. Rh3 h5 38. Rg3 Rc1+ 39. Kd4 Rd1+ 40. Rd3 Rb1 41. Kc4 Rc1+ 42. Rc3 Rg1 43. Rc2 Rd1 (43... g5 $11) 44. Rc3 (44. Re2 $14) 44... Rg1 $11 45. Rc2 {[%emt 0:00:29] Black escapes into a draw.  Weighted Error Value: White=0.17 (very precise) /Black=0.16 (very precise)} 1/2-1/2

[Event "5th Baskent University Open 2022"]
[Site "Ankara"]
[Date "2022.07.04"]
[Round "4.6"]
[White "Zor, Alber Kadir"]
[Black "Huseyinoglu, Alihan"]
[Result "0-1"]
[ECO "A36"]
[WhiteElo "2116"]
[BlackElo "2213"]
[Annotator "RC"]
[PlyCount "108"]
[EventDate "2022.07.02"]
[EventType "swiss"]
[EventCountry "TUR"]
[SourceTitle "playchess.com"]
[Source "ChessBase"]
[SourceQuality "1"]
[TimeControl "5400+30"]

1. Nf3 c5 2. g3 Nc6 3. Bg2 g6 4. c4 Bg7 5. Nc3 d6 6. O-O e6 7. a3 Nge7 8. b4 O-O 9. Rb1 b6 10. e3 d5 11. cxd5 exd5 12. bxc5 bxc5 13. Qa4 Bd7 14. Qb5 Bf5 15. Qxc5 Bxb1 16. Nxb1 Qd7 17. a4 Rfc8 18. Ba3 a5 19. Nc3 Nb4 20. Qb6 Rcb8 21. Qc5 Rc8 22. Qb6 Ra6 23. Qb5 Qxb5 24. axb5 Rb6 25. Rb1 Bxc3 26. dxc3 Rxc3 27. Bxb4 Rxb5 28. Bxc3 Rxb1+ 29. Bf1 a4 30. Nd2 Rc1 31. Bf6 Nc6 32. Kg2 Na5 33. Bb5 a3 34. Ba4 Nc4 35. Nb3 Rb1 36. Na1 Nb2 37. Nc2 Nxa4 38. Nxa3 Rb6 39. Bd4 Rb7 40. Nc2 Nb2 41. Ne1 f5 42. h4 Kf7 43. Kf3 Ke6 44. Kf4 Rb3 45. Kg5 Nd3 46. Nxd3 Rxd3 47. Kh6 Rd2 48. Kxh7 Rxf2 49. Kxg6 Rg2 50. h5 Rxg3+ 51. Kh7 Kf7 52. Kh6 Rg4 53. Be5 Re4 54. Bf4 Rxf4 0-1

[Event "5th Baskent University Open 2022"]
[Site "Ankara"]
[Date "2022.07.04"]
[Round "4.8"]
[White "Dedebas, Emre Emin"]
[Black "Yildirim, Ibrahim Halil"]
[Result "1-0"]
[ECO "A11"]
[WhiteElo "2321"]
[BlackElo "2106"]
[Annotator "TA"]
[PlyCount "71"]
[EventDate "2022.07.02"]
[EventType "swiss"]
[EventCountry "TUR"]
[SourceTitle "playchess.com"]
[Source "ChessBase"]
[SourceQuality "1"]
[TimeControl "5400+30"]

1. Nf3 d5 2. g3 Nf6 3. Bg2 c6 4. c4 Bg4 5. Ne5 Bf5 6. cxd5 cxd5 7. Qa4+ {[%emt 0:01:30] A11: English Opening: 1...c6.} Bd7 8. Nxd7 Qxd7 9. Qxd7+ {[%emt 0:00:30] White has an edge.} Kxd7 10. Nc3 e6 11. d3 Nc6 12. Bd2 Rc8 13. Rc1 {[%emt 0:02:30] [#]} Be7 $146 ({Predecessor:} 13... Nb4 14. a3 Nc6 15. e3 Na5 16. b4 Nb3 17. Rb1 Nxd2 18. Kxd2 Bd6 19. h3 h5 {½-½ (37) Rohan,A (2206)-Kunal,M (2367) Mumbai 2014}) 14. O-O Rhd8 15. Rfd1 Ke8 16. Kf1 Nd7 17. f4 Nc5 18. f5 b6 19. fxe6 fxe6 20. h4 a5 21. Bh3 Bf6 22. Be1 Bd4 23. Bf2 Bxf2 24. Kxf2 d4 {[%emt 0:00:35] [#] Hoping for ...Ne5.} 25. Nb5 $1 Nb4 {[%emt 0:01:48][%cal Oc5d3] ...Ncxd3+! is the strong threat.} 26. Rc4 Ke7 27. Nxd4 Nxa2 (27... b5 $2 {[#]} 28. Rxc5 $1 (28. Nxb5 Ncxd3+ 29. Rxd3 Rxc4 $15) 28... Rxc5 29. Nxe6 $16) 28. Ke3 Rf8 29. Nc2 b5 30. Rg4 g6 31. Nd4 {[%emt 0:03:20] Black must now prevent Ra1.} Nb4 32. Bg2 $2 (32. Rg5 $11) 32... e5 $19 33. Nf3 (33. Nxb5 $2 {leads to mate.} Nc2+ 34. Kd2 Nb3#) 33... Nd5+ {[%emt 0:00:58] Pair of Knights!} 34. Kf2 Kd6 $2 (34... Ne6 $19 {Strongly threatening ...Rc2.} 35. Re4 Nf6 36. Rxe5 Ng4+ 37. Ke1 Nxe5 38. Nxe5 Rc2) 35. d4 $16 exd4 (35... Ne6 $16) 36. Rgxd4 {[%emt 0:00:00] Weighted Error Value: White=0.15 (very precise) /Black=0.43} 1-0